Map: Frost LE

Players

iaguz - Winner!

  • Race: Terran Terran

Scarlett

  • Race: Zerg Zerg

Event: WCS Copa Intercontinental

VOD

Have the link to the VOD?

Description

Time

  • Played on: Sept. 10, 2016, 2:43 p.m.
  • Length: 9:06

All games in this series

Show
View Real Time Build Order
Export as new Build Order

iaguz Terran - Winner!

Build Orders: Command Center First (CC), MMM Bio 

Get SALT Encoding   

  12  0:00  SCV  
  13  0:12  SCV  
  14  0:17  Supply Depot  
  14  0:24  SCV  
  15  0:39  SCV  
  16  0:51  SCV  
  17  1:00  Command Center  
  17  1:03  SCV  
  18  1:13  Barracks  
  18  1:16  SCV  
  19  1:27  Barracks  
  19  1:30  SCV  
  20  1:36  Refinery  
  20  1:41  Refinery  
  20  1:44  SCV  
  21  2:01  Marine  
  23  2:02  Orbital Command  
  22  2:11  Orbital Command  
  22  2:15  Marine  
  23  2:18  Marine  
  24  2:30  Factory  
  24  2:33  SCV  
  25  2:38  SCV  
  25  2:40  Barracks Reactor  
  25  2:43  Barracks Tech Lab  
  26  2:47  SCV  
  27  2:52  SCV  
  28  2:59  Bunker  
  28  3:01  SCV  
  28  3:04  Marine  
  28  3:05  SCV, Stimpack  
  31  3:15  SCV  
  31  3:19  Supply Depot  
  32  3:21  Starport, Factory Reactor  
  32  3:22  SCV  
  32  3:29  Marine x2  
  32  3:32  Marine  
  34  3:35  SCV  
  34  3:40  SCV  
  34  3:48  Marine x2  
  34  3:50  Marine  
  34  3:51  Supply Depot  
  34  3:53  SCV  
  34  3:55  SCV  
  39  4:03  Medivac x2  
  39  4:05  SCV, Factory Tech Lab  
  39  4:06  Marine  
  39  4:07  Marine  
  46  4:12  SCV  
  46  4:15  Supply Depot  
  46  4:16  Supply Depot  
  47  4:20  SCV, Marine  
  49  4:24  SCV  
  49  4:25  Marine  
  49  4:26  Marine  
  49  4:27  Refinery  
  52  4:36  SCV, Siege Tank  
  56  4:41  SCV  
  57  4:49  SCV, Engineering Bay  
  57  4:52  Marine x3  
  61  4:53  SCV  
  62  5:07  Barracks  
  62  5:08  Barracks, Combat Shields  
  62  5:10  Barracks  
  62  5:14  Supply Depot x2  
  62  5:15  Marine x3  
  62  5:18  Siege Tank  
  68  5:24  Terran Infantry Weapons Level 1  
  68  5:27  SCV  
  69  5:33  Marine  
  69  5:35  Medivac, Marine x2  
  72  5:45  Medivac  
  72  5:49  Supply Depot  
  73  5:51  Supply Depot, Marine  
  73  5:53  Marine x2  
  78  5:58  Barracks Reactor x2  
  78  5:59  Barracks Reactor  
  76  6:09  Marine  
  76  6:11  Marine x2  
  77  6:17  Siege Tank  
  82  6:20  Supply Depot x2  
  82  6:26  Marine  
  82  6:29  Marine x2  
  85  6:35  Marine x6  
  91  6:43  Medivac x2  
  91  6:44  Marine  
  91  6:45  Supply Depot  
  91  6:46  Supply Depot, Marine  
  97  6:52  Marine x2  
  97  6:53  Marine x2  
  101  6:54  Siege Tank, Marine  
  101  6:55  Marine  
  106  7:02  Marine, Marauder  
  106  7:04  Marine  
  109  7:10  Marine x2  
  109  7:13  Supply Depot  
  109  7:14  Supply Depot  
  111  7:15  Marine  
  111  7:16  Marine x3  
  111  7:20  Marine  
  111  7:22  Marine  
  117  7:23  Marine  
  117  7:28  Marine x2  
  120  7:33  Marine  
  120  7:34  Marine x2  
  123  7:37  Marine  
  123  7:38  Marine  
  123  7:40  Marine  
  128  7:46  Marine x2  
  128  7:49  Medivac x2, Siege Tank  
  133  7:58  Marine x3  
  107  8:02  Marine x2  
  106  8:06  Marine x2  
  106  8:08  Marine x2  
  100  8:15  Marine  
  100  8:16  Marine  
  100  8:18  Marine  
  100  8:19  Marine  
  103  8:20  Marine  
  103  8:23  Marine  
  105  8:31  Marine  
  105  8:32  Marine x2  
  105  8:33  Marine x2  
  105  8:36  Marine  
  105  8:37  Marine  
  105  8:38  Marine  
  105  8:41  Marine  
Show
View Real Time Build Order
Export as new Build Order

Scarlett Zerg 

Build Orders: Hatch First 

Get SALT Encoding   

  12  0:00  Drone  
  13  0:12  Overlord  
  13  0:18  Drone  
  14  0:31  Drone x2  
  14  0:35  Drone  
  17  0:52  Hatchery  
  17  0:55  Drone  
  17  0:58  Drone  
  17  1:03  Extractor  
  17  1:14  Spawning Pool  
  17  1:17  Drone  
  17  1:20  Drone  
  18  1:29  Drone  
  19  1:38  Overlord  
  19  1:49  Drone  
  20  2:01  Queen, Zergling x2  
  22  2:03  Metabolic Boost  
  22  2:04  Queen  
  22  2:08  Zergling x2  
  26  2:12  Zergling x2  
  27  2:15  Drone  
  29  2:22  Drone  
  29  2:26  Drone  
  30  2:37  Drone x2  
  30  2:42  Hatchery  
  31  2:48  Overlord  
  31  2:59  Queen, Overlord  
  33  3:06  Drone x3  
  33  3:11  Drone x2  
  38  3:14  Drone x2  
  40  3:20  Drone x2  
  40  3:22  Drone  
  42  3:29  Drone x3  
  45  3:40  Drone  
  45  3:41  Drone x2  
  46  3:44  Queen  
  46  3:46  Extractor  
  46  3:47  Drone x2  
  49  3:52  Drone  
  50  3:55  Queen  
  50  3:57  Queen  
  50  4:02  Evolution Chamber x2  
  52  4:04  Zergling x4  
  52  4:05  Zergling x2  
  55  4:12  Drone  
  55  4:13  Drone x2  
  55  4:16  Overlord  
  55  4:17  Overlord  
  58  4:20  Overlord  
  58  4:28  Overlord  
  58  4:29  Zerg Melee Weapons Level 1  
  58  4:30  Zerg Ground Armor Level 1  
  58  4:35  Queen  
  58  4:37  Drone x2  
  62  4:41  Drone x2  
  64  4:47  Drone x3  
  64  4:48  Drone  
  64  4:49  Zergling x4  
  70  4:53  Baneling Nest  
  70  4:57  Zergling x2  
  70  4:58  Zergling x4  
  72  5:04  Queen  
  74  5:07  Drone  
  74  5:08  Drone x4  
  74  5:13  Drone x3  
  82  5:20  Zergling x10  
  86  5:27  Lair  
  87  5:28  Zergling x8  
  87  5:32  Overlord x2  
  90  5:41  Drone  
  90  5:42  Drone x3  
  90  5:51  Extractor  
  90  5:52  Extractor  
  90  5:56  Hatchery  
  87  5:57  Drone x7  
  87  5:59  Extractor  
  87  6:00  Extractor  
  87  6:02  Drone x2  
  94  6:09  Hatchery  
  93  6:14  Drone x2  
  93  6:15  Drone x2  
  93  6:17  Drone x2  
  93  6:18  Drone  
  100  6:22  Queen, Overlord x2  
  100  6:25  Overlord  
  102  6:30  Zerg Ground Armor Level 2, Centrifical Hooks, Zerg Melee Weapons Level 2  
  102  6:32  Zergling x2  
  102  6:33  Zergling x4  
  102  6:34  Overseer  
  104  6:44  Zergling x2  
  104  6:45  Zergling x8  
  104  6:46  Spire  
  108  6:58  Drone x5  
  108  6:59  Drone x7  
  120  7:05  Overlord  
  120  7:06  Overlord x3  
  120  7:12  Zergling x4  
  120  7:13  Zergling x2  
  123  7:20  Zergling x4  
  124  7:23  Zergling x6  
  124  7:24  Queen  
  124  7:25  Queen  
  124  7:28  Baneling  
  124  7:29  Baneling x12  
  131  7:34  Queen  
  131  7:35  Zergling x2  
  131  7:36  Zergling x12  
  137  7:40  Overlord  
  137  7:42  Zergling x2  
  137  7:43  Zergling x8  
  138  7:47  Zergling x6  
  137  7:58  Zergling x12  
  118  8:05  Zergling x12  
  118  8:07  Zergling x2  
  107  8:13  Zergling x6  
  107  8:16  Baneling  
  107  8:19  Baneling x4, Zergling x2  
  105  8:20  Baneling x4, Zergling x2  
  105  8:21  Zergling x2  
  105  8:23  Queen x2  
  105  8:26  Zergling x2  
  105  8:28  Zergling x2  
  105  8:29  Queen x2  
  105  8:34  Zergling x8  
  107  8:38  Zergling x4  
  101  8:45  Zergling x6  
  101  8:46  Zergling x10  
Tags
 
Add a new tag
Caveats
  • Supply blocks, unpowered buildings, or Contaminate may cause inaccurate times.
  • Supply counts are checked every 10 seconds.